AoeStats
← Lost My Scout

African Clearing

510361945Analyzed
4v4 RM · 20h ago on Sep 30, 2026· 43m 57s· 8 players
Game mode
Random Map
Map size
Large (8 player)
Population
200
Speed
Normal
Resources
Standard
Victory
Conquest
Starting age
Dark Age
Ending age
Imperial Age
RankedLock teamsTeams togetherTeam positionsShared explorationLock speedFull tech treeHidden civsTurbo modeCheats
Victory
Defeat
🇳🇴 Jurchens · Norway
963
+10
🇬🇧 Franks · United Kingdom
946
+11
🇹🇷 Sicilians · Türkiye
926
+12
🇬🇧 Romans · United Kingdom
715
+20
🇭🇰 Malians · Hong Kong SAR China
879
-15
🇪🇸 Huns · Spain
863
-15
🇺🇸 Franks · United States
822
-13
🇨🇳 Vietnamese · China
741
-10
Lost My Scout
5:18 Loom
19:35 Feudal Age
20:19 Double-Bit Axe
20:27 Stone Mining
20:36 Gold Mining
21:03 Arson
24:50 Wheelbarrow
24:01 Town Watch
28:30 Castle Age
28:09 Scale Mail Armor
28:20 Forging
28:16 Scale Barding Armor
28:02 Fletching
28:40 Pikeman
29:21 Squires
30:12 Bow Saw
31:26 Gold Shaft Mining
32:43 Hand Cart
33:56 Town Patrol
41:47 Imperial Age
39:38 Fortified Wall
39:09 Treadmill Crane
39:50 Ballistics
39:27 Murder Holes
40:12 Fervor
39:58 Herbal Medicine
40:04 Devotion
41:26 Bodkin Arrow
41:52 Chain Barding Armor
42:08 Iron Casting
41:49 Chain Mail Armor
40:59 Light Cavalry
41:40 Husbandry
41:57 Halberdier
43:04 Conscription
42:46 Chivalry
43:26 Masonry
44:18 Chemistry
43:27 Arrowslits
43:37 Cavalier
TrakaTra
4:26 Loom
20:45 Feudal Age
28:06 Castle Age
On2toy
15:37 Feudal Age
18:09 Horse Collar
18:04 Man-at-Arms
19:14 Arson
18:52 Man-at-Arms
30:57 Wheelbarrow
36:14 Castle Age
37:13 Double-Bit Axe
37:30 Heavy Plow
37:25 Stone Mining
37:26 Gold Mining
37:56 Hand Cart
41:11 Imperial Age
40:38 Forging
40:28 Scale Mail Armor
863111034
18:29 Feudal Age
20:09 Loom
32:22 Castle Age
31:30 Man-at-Arms
32:45 Double-Bit Axe
Gamer_90_
5:28 Loom
16:11 Feudal Age
16:25 Man-at-Arms
16:51 Arson
32:14 Wheelbarrow
31:24 Town Watch
36:10 Castle Age
34:44 Double-Bit Axe
35:51 Forging
35:48 Scale Barding Armor
36:28 Stone Mining
36:58 Husbandry
36:19 Light Cavalry
37:29 Gold Mining
39:58 Iron Casting
42:39 Chain Barding Armor
42:59 Scale Mail Armor
42:59 Padded Archer Armor
44:59 Gold Shaft Mining
44:41 Chain Mail Armor
44:27 Padded Archer Armor
lewiswilsonmma
4:36 Loom
14:56 Feudal Age
22:05 Castle Age
21:14 Scale Barding Armor
21:19 Forging
21:34 Double-Bit Axe
30:41 Horse Collar
32:33 Wheelbarrow
33:09 Heavy Plow
34:27 Hand Cart
33:58 Town Watch
34:48 Bow Saw
38:23 Imperial Age
36:14 Man-at-Arms
37:41 Scale Mail Armor
37:52 Forging
38:04 Chain Barding Armor
37:08 Light Cavalry
37:49 Long Swordsman
42:06 Chain Mail Armor
42:26 Iron Casting
41:56 Squires
Warmommy
5:32 Loom
15:21 Feudal Age
16:07 Double-Bit Axe
17:17 Gold Mining
18:12 Bloodlines
18:43 Stone Mining
22:27 Forging
22:23 Scale Barding Armor
23:11 Horse Collar
27:24 Castle Age
27:11 Wheelbarrow
26:22 Town Watch
27:53 Fletching
28:03 Padded Archer Armor
28:47 Bow Saw
29:13 Stone Shaft Mining
29:15 Gold Shaft Mining
28:42 Heavy Plow
29:34 Husbandry
34:22 Town Patrol
38:32 Imperial Age
36:51 Hand Cart
36:50 Scale Mail Armor
37:26 Iron Casting
40:31 Blast Furnace
40:37 Two-Man Saw
40:17 Crop Rotation
43:51 Town Patrol
44:14 Chain Barding Armor
43:55 Scale Mail Armor
sonsehzadee
10:31 Loom
15:57 Feudal Age
18:48 Double-Bit Axe
19:23 Gold Mining
21:37 Castle Age
20:05 Stone Mining
20:00 Horse Collar
25:40 Heavy Plow
29:15 Wheelbarrow
30:21 Stone Shaft Mining
30:19 Hand Cart
29:50 Loom
32:31 Bow Saw
34:54 Imperial Age
33:00 Man-at-Arms
33:26 Gambesons
33:42 Squires
33:28 Arson
33:44 Long Swordsman
34:27 Scale Mail Armor
34:38 Forging
35:29 Chain Mail Armor
35:59 Conscription
35:13 Two-Handed Swordsman
36:53 Gold Shaft Mining
35:49 Capped Ram
37:29 Crop Rotation
36:58 Champion
38:01 Siege Ram
Connection lost

Rejoining the realm…

Still unreachable

The connection could not be restored.

Session expired

The server has moved on; the page needs a fresh start.